 Dungeon Crawl Stone Soup version 0.18-a0-1243-g9e52518 (webtiles) character file.

157 FrancescoMac the Shield-Bearer (level 5, -1/46 HPs)
             Began as a Hill Orc Fighter on Feb 5, 2016.
             Slain by Menkaure (8 damage)
             ... on level 4 of the Dungeon.
             The game lasted 00:12:45 (3669 turns).

FrancescoMac the Shield-Bearer (Hill Orc Fighter)   Turns: 3669, Time: 00:12:48

Health: -1/46      AC:  8    Str: 20    XL:     5   Next: 38%
Magic:  5/5        EV:  8    Int:  8    God:
Gold:   88         SH:  9    Dex: 10    Spells: 0 memorised, 4 levels left

rFire  . . .     SeeInvis .     a - +0 war axe
rCold  . . .     Gourm    .     b - +0 scale mail
rNeg   . . .     Faith    .     c - +0 shield
rPois  .         Spirit   .     (no helmet)
rElec  .         Dismiss  .     (no cloak)
rCorr  .         Reflect  .     m - +0 pair of gloves
SustAt .         Harm     .     (no boots)
MR     .....                    (no amulet)
Stlth  ..........               (no ring)
                                (no ring)

@: about to teleport, not resistant to hostile enchantments, extremely
unstealthy
A: no striking features
a: no special abilities


You were on level 4 of the Dungeon.
You were not hungry.

You visited 1 branch of the dungeon, and saw 4 of its levels.

You collected 88 gold pieces.

Inventory:

Hand Weapons
 a - a +0 war axe (weapon)
Armour
 b - a +0 scale mail (worn)
 c - a +0 shield (worn)
 m - a +0 pair of gloves (worn)
Scrolls
 h - a scroll of random uselessness
 j - 3 scrolls of remove curse
 k - 2 scrolls of amnesia {unknown}
 n - a scroll of enchant weapon {unknown}
 o - 2 scrolls of teleportation
Potions
 d - a potion of might
 e - 2 potions of curing
 g - a potion of cure mutation {unknown}
 l - a potion of lignification {unknown}
Books
 p - a book of Annihilations

   Spells                             Type                      Level
   a - Poison Arrow                   Conjuration/Poison           6
   b - Chain Lightning                Conjuration/Air              8
   c - Lehudib's Crystal Spear        Conjuration/Earth            8
   d - Glaciate                       Conjuration/Ice              9
   e - Fire Storm                     Conjuration/Fire             9
Comestibles
 f - 4 bread rations


   Skills:
 + Level 4.2 Fighting
 + Level 3.4 Axes
 + Level 3.7 Armour
 + Level 1.7 Dodging
 + Level 4.8 Shields


You had 4 spell levels left.
You didn't know any spells.

Dungeon Overview and Level Annotations

Branches:
Dungeon (4/15)
 Temple: D:4-7

Altars:
Fedhas
Pakellas
Qazlal

Shops:
D:3 }

Annotations:
D:3 exclusion: oklob plant
D:4 Menkaure


Message History

The giant frog skeleton closely misses you.
Menkaure hits you!
* * * LOW HITPOINT WARNING * * *
You block the giant frog's attack.
The giant frog skeleton hits you but does no damage.
Menkaure calls on the powers of darkness!
The giant frog convulses!
Your body is wracked with pain!
* * * LOW HITPOINT WARNING * * *
The giant frog skeleton hits you but does no damage.
The giant frog hits you but does no damage.
You block Menkaure's attack.
You are too injured to fight recklessly!
You hit Menkaure but do no damage.
Menkaure is moderately damaged.
You hit the giant frog but do no damage.
The giant frog is severely wounded.
You hit the giant frog skeleton. The giant frog barely misses you.
The giant frog skeleton hits you but does no damage.
Menkaure hits you!
You die...

.# .. ... ##..
#..## .
....###...####..
......#.#.....
............#
##.......[#.#
......)ZFM..#
##....<@.#..?..
#.......# ###
#.......#
#.........
#>.........
###.#..##...#
#.#... ...#
#.#.## ....


You could see Menkaure, a giant frog and a giant frog skeleton.

Vanquished Creatures
  An orc priest (D:3)
  An orc wizard (D:3)
  A gnoll (D:1)
  4 adders
  A worm (D:3)
  3 orcs
  10 bats
  4 giant cockroaches
  6 goblins
  2 hobgoblins
  4 jackals (D:3)
  A ball python (D:3)
  6 giant newts
  6 kobolds
  6 rats
56 creatures vanquished.

Vanquished Creatures (others)
  A goblin (D:2)
1 creature vanquished.

Grand Total: 57 creatures vanquished

Notes
Turn   | Place    | Note
--------------------------------------------------------------
     0 | D:1      | FrancescoMac the Hill Orc Fighter began the quest for the Orb.
     0 | D:1      | Reached XP level 1. HP: 19/19 MP: 1/1
    90 | D:1      | Reached XP level 2. HP: 10/27 MP: 2/2
   658 | D:1      | Reached XP level 3. HP: 33/33 MP: 3/3
  1174 | D:2      | Reached skill level 4 in Shields
  1222 | D:2      | HP: 1/33 [poisoned by an adder]
  1459 | D:2      | Reached XP level 4. HP: 38/40 MP: 4/4
  1535 | D:2      | Found a stormy altar of Qazlal.
  1865 | D:3      | Reached skill level 1 in Dodging
  1881 | D:3      | Reached XP level 5. HP: 9/46 MP: 5/5
  2813 | D:3      | Found a blossoming altar of Fedhas.
  2831 | D:3      | Noticed an oklob plant
  2965 | D:3      | Found an oddly glowing altar of Pakellas.
  2965 | D:3      | Found Pakellas's Prime Provisions.
  3660 | D:4      | Noticed Menkaure
  3669 | D:4      | Slain by Menkaure

Vault maps used:
D:1:      matt_arrival_spirals
D:2:      grunt_qazlal_clouds, st_stairs_5
D:3:      johnstein_pakellas_shop, first_bread, tgw_fedhas
D:4:      uniq_purgy, uniq_menkaure

Action                   |  1- 3 |  4- 6 || total
-------------------------+-------+-------++-------
Melee: War axe           |   113 |   144 ||   257
  Use: Scroll            |     2 |     2 ||     4
       Potion            |     1 |       ||     1
  Eat: Chunk             |     2 |     2 ||     4
       Meat ration       |       |     1 ||     1
